 Dungeon Crawl Stone Soup version 0.18.1-48-g4cf74bf (webtiles) character file.

2382 Lianjan the Archer (level 9, 0/70 HPs)
             Began as a Centaur Hunter on July 3, 2016.
             Was a Priest of Okawaru.
             Slain by a centaur
             ... wielding a cursed -1 shortbow
              (4 damage)
             ... on level 7 of the Dungeon.
             The game lasted 00:38:24 (10805 turns).

Lianjan the Archer (Centaur Hunter)                Turns: 10805, Time: 00:38:24

Health: 0/70       AC:  4    Str: 16    XL:     9   Next: 22%
Magic:  9/9        EV:  9    Int: 10    God:    Okawaru [***...]
Gold:   211        SH:  0    Dex: 16    Spells: 0 memorised, 8 levels left

rFire  . . .     SeeInvis .       - Unarmed
rCold  . . .     Gourm    .     c - +0 leather armour
rNeg   . . .     Faith    .     (no shield)
rPois  .         Spirit   .     l - +0 hat
rElec  .         Dismiss  .     (no cloak)
rCorr  .         Reflect  .     (no gloves)
SustAt .         Harm     .     (no barding)
MR     .....                    (no amulet)
Stlth  +.........               y - +4 ring of dexterity
                                F - +3 ring of slaying

@: very quick, not resistant to hostile enchantments, very unstealthy
A: hooves 3, deformed body, speed 2, tough skin 3
a: Heroism, Renounce Religion


You were on level 7 of the Dungeon.
You worshipped Okawaru.
Okawaru was most pleased with you.
You were not hungry.

You visited 2 branches of the dungeon, and saw 8 of its levels.

You collected 421 gold pieces.
You spent 210 gold pieces at shops.

Inventory:

Hand Weapons
 a - a +1 shortbow
Missiles
 d - 54 arrows
Armour
 c - a +0 leather armour (worn)
 i - a +0 scale mail
 l - a +0 hat (worn)
 o - a +0 ring mail
Jewellery
 n - an uncursed ring of magical power
 y - a +4 ring of dexterity (right hand)
 F - a +3 ring of slaying (left hand)
 H - an uncursed ring of see invisible
Wands
 E - a wand of paralysis (11/24)
Scrolls
 b - 2 scrolls of fear {unknown}
 e - 7 scrolls of remove curse {unknown}
 g - 4 scrolls of teleportation {unknown}
 h - 3 scrolls of noise {unknown}
 j - 5 scrolls of amnesia {unknown}
 k - 6 scrolls of identify {unknown}
 m - 4 scrolls of random uselessness {unknown}
 q - 2 scrolls of fog {unknown}
 s - 3 scrolls of enchant weapon {unknown}
 D - 2 scrolls of enchant armour {unknown}
 G - a scroll of magic mapping {unknown}
 I - a scroll of vulnerability {unknown}
Potions
 p - 2 potions of agility
 r - a potion of flight {unknown}
 t - 2 potions of brilliance {unknown}
 u - a potion of heal wounds {unknown}
 v - a potion of might {unknown}
 w - 3 potions of mutation {unknown}
 x - a potion of berserk rage {unknown}
 A - 2 potions of curing
 B - a potion of cancellation {unknown}
 C - 2 potions of degeneration {unknown}
Comestibles
 f - 8 bread rations
 z - 2 meat rations
 J - 2 chunks of flesh


   Skills:
 + Level 3.6 Fighting
 + Level 11.8 Bows
 + Level 2.1 Armour
 - Level 1.3 Dodging
 - Level 0.5 Stealth
 - Level 7.9 Unarmed Combat


You had 8 spell levels left.
You didn't know any spells.

Dungeon Overview and Level Annotations

Branches:
Dungeon (7/15)             Temple (1/1) D:4

Altars:
Ashenzari
Cheibriados
Dithmenos
Elyvilon
Fedhas
Gozag
Kikubaaqudgha
Makhleb
Nemelex Xobeh
Okawaru
Pakellas
Qazlal
Sif Muna
Trog
Vehumet
Xom
Yredelemnul
Zin
The Shining One

Shops:
D:7 =


Innate Abilities, Weirdness & Mutations

You have hooves in place of feet.
Armour fits poorly on your strangely shaped body.
You cover ground very quickly.
You have extremely tough skin (AC +3).


Message History

* * * LOW HITPOINT WARNING * * *
Things that are here:
an uncursed shortbow; 20 arrows You are too injured to fight recklessly!
You are too injured to fight recklessly!
You are too injured to fight recklessly!
You are too injured to fight recklessly!
You punch the centaur!
The centaur is moderately wounded.
The centaur hits you with a shortbow.
* * * LOW HITPOINT WARNING * * *
You punch the centaur!
The centaur is severely wounded.
The centaur closely misses you.
You hit the centaur.
The centaur is severely wounded.
The centaur hits you with a shortbow!
* * * LOW HITPOINT WARNING * * *
The centaur hits you with a shortbow.
You die...

.# #.# .#
..# .# ###.#
.# ##.#.# .#
##.#..# .#
##.###)##
.######.##
##<##
#####.#
.......##
##.##......#
....###.#
#(((@c#
###.# #.#
#.####<# #.#
#.#.# .# #.#
... .. #.#
#...# ###
#.# #####
#.# #>#


You could see a centaur.

Vanquished Creatures
  The ghost of Homage the Chopper, an amateur MiFi (D:5)
  Sigmund (D:2)
  An orc warrior (D:6)
  An ice beast (D:5)
  2 sky beasts (D:5)
  A black bear (D:5)
  2 ogres
  A phantom (D:2)
  2 centaurs
  3 giant frogs
  A water moccasin skeleton (D:6)
  A scorpion (D:3)
  A howler monkey (D:3)
  A crimson imp (D:7)
  4 hounds
  2 orc wizards (D:5)
  6 orc priests
  An iguana (D:5)
  4 worker ants
  A hound zombie (D:5)
  4 gnolls (D:6)
  9 adders
  A shadow imp (D:7)
  5 oozes
  An adder zombie (D:5)
  4 dart slugs
  5 worms
  6 giant geckos
  13 orcs
  3 giant cockroaches
  8 goblins
  2 hobgoblins
  13 jackals
  9 kobolds
  2 quokkas
  10 bats
  4 giant newts
  7 rats
143 creatures vanquished.

Notes
Turn   | Place    | Note
--------------------------------------------------------------
     0 | D:1      | Lianjan the Centaur Hunter began the quest for the Orb.
     0 | D:1      | Reached XP level 1. HP: 17/17 MP: 1/1
   499 | D:1      | Reached skill level 1 in Unarmed Combat
   531 | D:1      | Reached XP level 2. HP: 22/24 MP: 2/2
  1108 | D:2      | Reached XP level 3. HP: 29/29 MP: 3/3
  1128 | D:2      | Reached skill level 6 in Bows
  1779 | D:2      | Reached XP level 4. HP: 23/36 MP: 4/4
  1952 | D:2      | Noticed Sigmund
  3684 | D:3      | Found a radiant altar of Vehumet.
  3684 | D:3      | Found a stormy altar of Qazlal.
  3686 | D:3      | Found a burning altar of Makhleb.
  3687 | D:3      | Found an oddly glowing altar of Pakellas.
  3700 | D:3      | Reached XP level 5. HP: 12/41 MP: 5/5
  4201 | D:3      | Reached skill level 7 in Bows
  4557 | D:4      | Found a staircase to the Ecumenical Temple.
  4851 | D:5      | Entered Level 5 of the Dungeon
  4865 | Temple   | Entered the Ecumenical Temple
  5087 | Temple   | Became a worshipper of Warmaster Okawaru
  5201 | D:5      | Noticed Homage's ghost (amateur MiFi)
  5201 | D:5      | Reached XP level 6. HP: 6/48 MP: 6/6
  6211 | D:5      | Noticed a sky beast
  6222 | D:5      | Killed a sky beast
  6222 | D:5      | Reached skill level 8 in Bows
  6222 | D:5      | Reached skill level 5 in Unarmed Combat
  6285 | D:5      | Noticed an ice beast
  6319 | D:5      | Reached XP level 7. HP: 25/55 MP: 7/7
  6414 | D:5      | Reached * piety under Okawaru
  6937 | D:5      | Reached skill level 9 in Bows
  6978 | D:5      | Killed Homage's ghost
  7226 | D:5      | Reached XP level 8. HP: 44/61 MP: 8/8
  7422 | D:5      | Reached ** piety under Okawaru
  7444 | D:5      | Reached skill level 10 in Bows
  7978 | D:5      | Found a bloodstained altar of Trog.
  8228 | D:2      | Killed Sigmund
  8898 | D:6      | Reached skill level 11 in Bows
  9595 | D:6      | Reached skill level 1 in Armour
  9913 | D:6      | Reached XP level 9. HP: 21/68 MP: 9/9
 10253 | D:6      | Found a bloodstained altar of Trog.
 10643 | D:7      | Found Ligog's Jewellery Shop.
 10725 | D:7      | Bought an uncursed ring of see invisible for 210 gold pieces
 10801 | D:7      | Reached *** piety under Okawaru
 10805 | D:7      | Slain by a centaur

Skill      XL: |  1  2  3  4  5  6  7  8  9 |
---------------+----------------------------+-----
Unarmed Combat | 1 2 3 4 5 6 7 |  7.9
Bows           | 6 7 8 9 11 | 11.8
Armour         | 1 2 |  2.1
Fighting       | 3 |  3.6
Dodging        | |  1.3
Stealth        | |  0.5

Action                   |  1- 3 |  4- 6 |  7- 9 || total
-------------------------+-------+-------+-------++-------
Melee: Unarmed           |   158 |   172 |   161 ||   491
       Kick              |    35 |    37 |    38 ||   110
       Short sword       |     3 |       |       ||     3
       Punch             |     2 |     2 |     5 ||     9
 Fire: Shortbow          |    16 |   132 |   209 ||   357
Invok: Heroism           |       |       |     2 ||     2
  Use: Potion            |       |     3 |       ||     3
  Eat: Chunk             |     2 |     8 |    10 ||    20
       Meat ration       |       |     1 |       ||     1
       Beef jerky        |       |       |     1 ||     1
Armor: Leather armour    |    86 |    53 |    38 ||   177
Dodge: Dodged            |    87 |    93 |   104 ||   284
